 Dungeon Sprint DCSS version 0.27.1-33-g824d729ab1 (webtiles) character file.

Game seed: 7152848336636302423

25 Hipnos the Covert (level 2, -20/24 HPs)
             Began as a Spriggan Berserker on Nov 29, 2021.
             Was a Follower of Trog.
             Demolished by an ogre (21 damage)
             ... in the Dungeon (Sprint I: "Red Sonja").
             The game lasted 00:01:09 (289 turns).

Hipnos the Covert (Spriggan Berserker)               Turns: 289, Time: 00:01:10

Health: -20/24     AC:  2    Str: 13    XL:     2   Next: 82%
Magic:  3/3        EV: 18    Int:  8    God:    Trog [*.....]
Gold:   0          SH:  0    Dex: 14    Spells: 1/1 levels left

rFire    . . .     SeeInvis +   a - +0 short sword
rCold    . . .     Faith    .   (shield restricted)
rNeg     . . .     Spirit   .   b - +0 animal skin
rPois    .         Reflect  .   (helmet restricted)
rElec    .         Harm     .   (no cloak)
rCorr    .         Rampage  .   (gloves unavailable)
Will     .....     NoTele   +   (boots unavailable)
Stlth    ..........             (no amulet)
HPRegen  0.08/turn              (no ring)
MPRegen  0.08/turn              (no ring)

@: berserking (expiring), very quick
A: very small, no large weapons, unfitting armour, see invisible, speed 3
a: Renounce Religion, Berserk


You were in the Dungeon.
You worshipped Trog.
Trog was aware of your devotion.
You visited 1 branch

Inventory:

Hand Weapons
 a - a +0 short sword (weapon)
Armour
 b - a +0 animal skin (worn)
Wands
 i - a wand of flame (28)
Scrolls
 h - a scroll of blinking
Potions
 c - a potion of curing
 d - a potion of heal wounds
 e - a potion of haste
 f - 2 potions of magic
 g - a potion of berserk rage


   Skills:
 - Level 2.4 Fighting
 - Level 3.2 Short Blades
 - Level 4.0 Dodging
 * Level 8.9 Stealth


You had one spell level left.
You didn't know any spells.
Your spell library was empty.

Dungeon Overview and Level Annotations

Branches:
Dungeon (1/1)

Altars:


Innate Abilities, Weirdness & Mutations

You are very small and have problems with some larger weapons.
You are too small for most types of armour.
You have supernaturally acute eyesight. (SInv)
You cover ground extremely quickly. (Speed+++)


Message History

i - a wand of flame (28)
There is an open door, spattered with blood here.
Things that are here:
a +0 club; a +3 leather armour of fire resistance; the goblin corpse of Ijyb You start resting.
You feel a strong urge to attack something.
You are no longer berserk.
You are exhausted.
You feel yourself slow down.
You start resting.
You feel yourself speed up.
You start resting.
You recover from your berserk rage.
You start resting.
HP restored.
There is an open door, spattered with blood here.
Things that are here:
a +0 club; a +3 leather armour of fire resistance; the goblin skeleton of Ijyb You open the door.
An ogre comes into view. It is wielding a +0 giant spiked club.
The ogre shouts!
There is an open door here.
A red film seems to cover your vision as you go berserk!
You feel yourself moving faster!
You feel mighty! The ogre closely misses you.
You completely miss the ogre. You completely miss the ogre.
The ogre closely misses you.
You puncture the ogre!
The ogre is moderately wounded.
You completely miss the ogre.
The ogre is moderately wounded.
The ogre hits you with a +0 giant spiked club!!
Ouch! That really hurt!
* * * LOW HITPOINT WARNING * * *
You barely miss the ogre.
The ogre is moderately wounded.
You hit the ogre.
The ogre is moderately wounded.
The ogre hits you with a +0 giant spiked club!!
Ouch! That really hurt!
You die...

##########
#<.#..@O.#
#..)..#..+
#..#####+#
#..# #..#
#..# #⌠⌠#
####


You could see an ogre.

Vanquished Creatures
  Ijyb (D)
1 creature vanquished.

Notes
Turn   | Place    | Note
-------+----------+-------------------------------------------
     0 | D        | Hipnos the Spriggan Berserker began the quest for the Orb.
     0 | D        | Reached XP level 1. HP: 11/11 MP: 2/2
     1 | D        | Noticed Ijyb
    11 | D        | Killed Ijyb
    12 | D        | Reached skill level 8 in Stealth
    12 | D        | Reached XP level 2. HP: 3/16 MP: 3/3
   281 | D        | Noticed an ogre
   287 | D        | HP: 1/24 [ogre (23)]
   289 | D        | Demolished by an ogre

Illustrated notes

Levels and vault maps discovered:
D:        dungeon_sprint_1 [red_sonja_temple_1, red_sonja_temple_small_1]

Skill      XL: |  1 |
---------------+----+-----
Stealth        | 8 |  8.9
Fighting       | |  2.4
Short Blades   | |  3.2
Dodging        | |  4.0

Action                   || total
-------------------------++-------
Melee: Short sword       ||    15
Invok: Berserk           ||     2
Dodge: Dodged            ||     5
